 Dungeon Crawl Stone Soup version 0.31-a0-640-g39d97e502b (webtiles) character file.

Game seed: 11248962372626150079

13 GordonOverkill the Sneak (level 2, -6/16 HPs)
             Began as a Vine Stalker Delver on Aug 28, 2023.
             Mangled by a killer bee (7 damage)
             ... on level 6 of the Dungeon.
             The game lasted 00:01:19 (160 turns).

GordonOverkill the Sneak (Vine Stalker Delver)       Turns: 160, Time: 00:01:19

Health: -6/16      AC:  5    Str: 14    XL:     2   Next: 37%
Magic:  0/3        EV: 11    Int: 10    God:
Gold:   21         SH:  0    Dex: 15    Spells: 1/1 levels left

rFire   . . .        h - +0 trident
rCold   . . .        (no shield)
rNeg    . . .        d - +0 ring mail
rPois   .            (no helmet)
rElec   .            (no cloak)
rCorr   .            (no gloves)
SInv    .            (no boots)
Will    .....        (no amulet)
Stlth   +++          (no ring)
HPRegen 0.22/turn    (no ring)
MPRegen 0.08/turn

%: guardian spirit
@: lethally poisoned (-6 -> -19)
A: fangs 2, magic shield, antimagic bite, no potion heal 2
a: no special abilities


You were on level 6 of the Dungeon.
You visited 1 branch of the dungeon, and saw 3 of its levels.

You collected 21 gold pieces.

Inventory:

Hand Weapons
 h - a +0 trident (weapon)
Armour
 b - a +0 leather armour
 d - a +0 ring mail (worn)
Wands
 g - a wand of digging (3)
Scrolls
 a - a scroll of teleportation {unknown}
 c - a scroll of fog
Potions
 f - a potion of haste


   Skills:
 - Level 3.0 Fighting
 + Level 2.0 Polearms
 - Level 2.0 Dodging
 - Level 6.0 Stealth


You had one spell level left.
You didn't know any spells.
Your spell library was empty.

Dungeon Overview and Level Annotations

Branches:
Dungeon (7/15)
 Temple: D:4-7

Altars:

Shops:
D:6 *


Innate Abilities, Weirdness & Mutations

You have extremely sharp teeth.
When hurt, damage is shared between your health and your magic reserves.
Your bite disrupts and absorbs the magic of your enemies.
Potions cannot restore your health.


Message History

The killer bee buzzes angrily.
You puncture the adder!
The adder is almost dead.
The adder barely misses you.
Okay, then.
You hit the adder.
You kill the adder!
The killer bee completely misses you.
The killer bee stings you but does no damage.
Training target 2.0 for Polearms reached!
Training target 2.0 for Dodging reached!
Training target 3.0 for Fighting reached!
Your Fighting skill increases to level 3!
Your Polearms skill increases to level 2!
Your Dodging skill increases to level 2!
You need to enable at least one skill for training.
You have reached level 2!
As you read the scroll of fear, it crumbles to dust.
You assume a fearsome visage.
The killer bee looks frightened! x5
You see here an adder corpse.
Found Dant's Mayhem Merchandise.
You see here an adder corpse.
You hear the slow hiss of a very distant avalanche of sand.
The killer bee seems to regain its courage.
You closely miss the killer bee. Your bite misses the killer bee.
The killer bee barely misses you. The killer bee stings you.
You miss the killer bee. Your bite misses the killer bee.
The killer bee closely misses you. The killer bee stings you.
* * * LOW HITPOINT WARNING * * *
You are poisoned.
The killer bee poisons you! The killer bee stings you.
* * * LOW HITPOINT WARNING * * *
You are more poisoned.
The killer bee poisons you!
You barely miss the killer bee.
You bite the killer bee, but do no damage.
* * * LOW HITPOINT WARNING * * *
You feel very sick. The killer bee stings you!
You die...

..####.###.#..,,,,,,,,,,* *,,,,
.......###.###,,,****,,,** *,***
.#########.###,*** *,,,<****,***
>........#,* *,######.,,,,,,,,*,,
########.#,***,#......,,****,,,,*
#.#,,,,,#.....,,,,,,,*,,,,
##.##*####.....,,,,,,,***,, #...#
#....#****,,,,,,* *,, #...#
#...@# *,,,,,,* *,, #...# #...y#
**#######*,*
#...###....######.......,,*
#............y.†.y....yy,,*
#################.......,**
*.......,* *......y,**
*..∩..##*** *###### *


You could see a killer bee.

Vanquished Creatures
  An adder (D:6)
  2 orcs (D:6)
3 creatures vanquished.

Notes
Turn   | Place    | Note
-------+----------+-------------------------------------------
     0 | D:5      | GordonOverkill the Vine Stalker Delver began the quest for
                  | the Orb.
     0 | D:5      | Reached XP level 1. HP: 11/11 MP: 2/2
   142 | D:6      | Noticed a killer bee
   143 | D:6      | Noticed a killer bee
   143 | D:6      | Noticed a killer bee
   143 | D:6      | Noticed a killer bee
   143 | D:6      | Noticed a killer bee
   147 | D:6      | Reached XP level 2. HP: 16/16 MP: 3/3
   149 | D:6      | Found Dant's Mayhem Merchandise.
   160 | D:6      | Mangled by a killer bee

Illustrated notes

Levels and vault maps discovered:
D:5:      minmay_chambers_of_fours, layout_basic, tgw_kikubaaqudgha,
          gammafunk_ghost_split
D:6:      layout_basic, enter_ossuary_2, minmay_shop_mayhem, uniq_pikel,
          uniq_sigmund
D:7:      layout_cave_pods, grunt_temple_overflow_open, grunt_decor_one_mirror,
          nrook_mini_vaults

Skill      XL: |  1 |
---------------+----+-----
Fighting       | 3 |  3.0
Polearms       | 2 |  2.0
Dodging        | 2 |  2.0
Stealth        | |  6.0

Action                     || total
---------------------------++-------
  Melee: Spear             ||     5
         Trident           ||     5
         Bite              ||     3
    Use: Scroll            ||     2
   Stab: Sleeping          ||     1
 Armour: Ring mail         ||     1
  Dodge: Dodged            ||     4

Table legend: (Time is in decaauts)
 A = Elapsed time spent in this place.
 B = Non-inter-level travel time spent in this place.
 C = Inter-level travel time spent in this place.
 D = Time resting spent in this place.
 E = Time spent auto-exploring this place.
 F = Levels seen in this place.
 G = Mean time per level.
                   A        B        C        D        E       F      G
               +--------+--------+--------+--------+--------+-----+--------+
         Total |    160 |    160 |      0 |      0 |      0 |   3 |   53.3 |
       Dungeon |    160 |    160 |      0 |      0 |      0 |   3 |   53.3 |
               +--------+--------+--------+--------+--------+-----+--------+

Top non-repeatable levels by time:
     D:6: 149 daAuts
     D:7: 10 daAuts
     D:5: 1 daAuts
